AoeStats
← Mr. Penis

Lombardia

508625502Analyzed
4v4 RM · 8d ago on Sep 23, 2026· 50m 31s· 8 players
Game mode
Random Map
Map size
Large (8 player)
Population
200
Speed
Normal
Resources
Standard
Victory
Conquest
Starting age
Dark Age
Ending age
Imperial Age
RankedLock teamsTeams togetherTeam positionsShared explorationLock speedFull tech treeHidden civsTurbo modeCheats
Victory
Defeat
🇧🇷 Franks · Brazil
1172
+17
🇬🇧 Ethiopians · United Kingdom
1161
+17
🇨🇳 Koreans · China
1143
+18
🇩🇪 Malians · Germany
1136
+18
🇷🇺 Jurchens · Russia
1255
-21
1207
-18
🇮🇳 Khitans · India
1161
-16
🇹🇼 Maya · Taiwan
1116
-15
Gareth Southgate
7:29 Loom
12:03 Feudal Age
14:18 Wheelbarrow
13:32 Double-Bit Axe
14:44 Wheelbarrow
17:13 Castle Age
15:30 Horse Collar
16:16 Gold Mining
16:44 Fletching
18:51 Bow Saw
19:35 Bodkin Arrow
21:20 Crossbowman
23:42 Padded Archer Armor
25:06 Leather Archer Armor
24:52 Scale Mail Armor
25:28 Ballistics
25:09 Stone Mining
26:01 Forging
27:30 Hand Cart
31:51 Thumb Ring
32:51 Stone Shaft Mining
32:55 Gold Shaft Mining
33:01 Squires
33:45 Iron Casting
33:26 Chain Mail Armor
37:40 Imperial Age
35:11 Elite Skirmisher
38:45 Conscription
39:48 Two-Man Saw
38:18 Halberdier
38:20 Arbalester
39:06 Bracer
39:36 Ring Archer Armor
40:07 Blast Furnace
39:37 Plate Mail Armor
40:03 Siege Engineers
43:58 Spies/Treason
Idle
10:32 Feudal Age
14:13 Castle Age
12:30 Double-Bit Axe
12:27 Horse Collar
15:23 Bow Saw
15:43 Heavy Plow
22:06 Wheelbarrow
21:40 Loom
21:41 Town Watch
22:39 Gold Mining
23:57 Scale Barding Armor
24:03 Forging
24:36 Stone Mining
25:24 Gold Shaft Mining
26:19 Hand Cart
26:48 Iron Casting
26:35 Chain Barding Armor
26:17 Scale Mail Armor
26:28 Caravan
27:00 Treadmill Crane
31:31 Imperial Age
29:50 Stone Shaft Mining
30:13 Chain Mail Armor
30:11 Husbandry
30:21 Bloodlines
29:31 Light Cavalry
30:29 Town Patrol
31:16 Fletching
31:30 Tigui
31:20 Pikeman
31:21 Man-at-Arms
32:01 Squires
31:47 Arson
32:19 Farimba
32:39 Conscription
31:42 Cavalier
31:43 Heavy Camel Rider
33:06 Plate Barding Armor
33:58 Chemistry
33:20 Ballistics
33:32 Crop Rotation
36:07 Plate Mail Armor
36:35 Long Swordsman
41:12 Bodkin Arrow
41:30 Masonry
49:43 Guilds
49:09 Two-Handed Swordsman
noob
5:19 Loom
11:23 Feudal Age
15:09 Wheelbarrow
18:02 Castle Age
17:02 Forging
16:57 Scale Barding Armor
19:13 Husbandry
19:50 Iron Casting
19:22 Scale Barding Armor
22:31 Chain Barding Armor
23:12 Hand Cart
22:44 Town Watch
29:50 Town Patrol
42:22 Imperial Age
44:24 Cavalier
46:06 Blast Furnace
45:41 Plate Barding Armor
47:19 Paladin
48:22 Conscription
49:07 Plate Barding Armor
51:38 Chemistry
Alex Auditore Mercer
6:44 Loom
9:14 Feudal Age
11:07 Double-Bit Axe
12:04 Fletching
20:41 Castle Age
20:01 Horse Collar
22:03 Wheelbarrow
21:39 Bow Saw
20:51 Crossbowman
21:28 Bodkin Arrow
23:36 Town Watch
26:05 Thumb Ring
27:18 Ballistics
26:50 Gold Mining
28:41 Gold Shaft Mining
30:47 Hand Cart
32:17 Stone Mining
35:49 Imperial Age
35:17 Heavy Plow
35:52 Arbalester
36:33 Bracer
37:36 Chemistry
36:44 Siege Engineers
38:26 Masonry
38:29 Fortified Wall
45:18 Conscription
51:02 Two-Man Saw
Mr. Penis
10:55 Feudal Age
15:24 Castle Age
13:26 Double-Bit Axe
13:23 Horse Collar
16:49 Bow Saw
17:37 Fervor
19:20 Wheelbarrow
20:57 Sanctity
21:07 Loom
24:16 Heavy Plow
24:51 Gold Mining
24:51 Stone Mining
26:55 Hand Cart
26:25 Town Watch
31:11 Gold Shaft Mining
31:11 Stone Shaft Mining
33:50 Imperial Age
31:20 Town Patrol
33:14 Bloodlines
33:04 Husbandry
34:28 Elite Steppe Lancer
35:31 Conscription
35:13 Fortified Bastions
35:28 Fortified Bastions
36:04 Hoardings
35:37 Scale Barding Armor
35:43 Forging
36:15 Guilds
38:17 Chain Barding Armor
38:32 Iron Casting
42:05 Plate Barding Armor
42:31 Blast Furnace
41:21 Fletching
Lala Land
3:40 Loom
13:05 Feudal Age
18:53 Castle Age
16:54 Double-Bit Axe
17:46 Domestication
17:58 Gold Mining
18:42 Forging
21:40 Husbandry
23:48 Scale Barding Armor
25:58 Bow Saw
28:05 Pastoralism
29:08 Chain Barding Armor
31:36 Iron Casting
小汽車
0:30 Loom
12:07 Feudal Age
17:18 Castle Age
16:12 Double-Bit Axe
16:10 Horse Collar
23:52 Bow Saw
23:44 Heavy Plow
33:35 Imperial Age
31:21 Stone Mining
32:58 Wheelbarrow
33:16 Fletching
33:27 Padded Archer Armor
33:46 Gold Mining
34:33 Stone Shaft Mining
33:59 Bodkin Arrow
34:21 Thumb Ring
35:08 Conscription
36:24 Ballistics
37:06 Chemistry
36:29 Fortified Wall
36:30 Masonry
37:28 Bracer
37:44 Leather Archer Armor
重案组之虎曹达华JESSEJAMES
2:04 Loom
11:20 Feudal Age
13:36 Double-Bit Axe
14:40 Horse Collar
18:17 Gold Mining
19:33 Wheelbarrow
22:12 Castle Age
21:58 Stone Mining
23:41 Bow Saw
25:26 Heavy Plow
30:31 Gold Shaft Mining
33:59 Fletching
33:49 Pikeman
34:30 Scale Mail Armor
34:41 Forging
34:46 Arson
35:36 Chain Mail Armor
36:49 Iron Casting
40:48 Imperial Age
38:59 Hand Cart
41:56 Conscription
42:59 Blast Furnace
41:33 Halberdier
Connection lost

Rejoining the realm…

Still unreachable

The connection could not be restored.

Session expired

The server has moved on; the page needs a fresh start.